[Event "*** MasterClass Titled Tuesday Blitz"]
[Site "Chess.com"]
[Date "2017.08.01"]
[Round "5"]
[White "oskariot"]
[Black "hermionegrangermagic"]
[Result "0-1"]
[WhiteElo "2491"]
[BlackElo "2364"]
[TimeControl "180+2"]
[EndTime "14:04:03 PDT"]
[Termination "hermionegrangermagic won by resignation"]

1. c4 e6 2. Nf3 d5 3. b3 Nf6 4. g3 Be7 5. Bg2 O-O 6. O-O c5 7. Bb2 Nc6 8. e3 d4 9. exd4 cxd4 10. Re1 Ne8 11. Ne5 Nxe5 12. Rxe5 f6 13. Re1 e5 14. Ba3 Bxa3 15. Nxa3 Qe7 16. Nc2 Qd6 17. d3 a5 18.
Na3 Qxa3 19. Bd5+ Kh8 20. f4 Qd6 21. fxe5 fxe5 22. Qh5 Bf5 23. Rf1 g6 24. Qe2 Nf6 25.
Bxb7 Rae8 26. Rac1 e4 27. c5 Qc7 28. Bxe4 Nxe4 29.
dxe4 Rxe4 30. Qxe4 Bxe4 31. Rxf8+ Kg7 32. Rf4 Bb7 33. c6 d3 34. Rfc4 d2 35. Rd1 Qb6+ 36.
Kf1 Ba6 37. Rxd2 Bxc4+ 38. bxc4 Qxc6 39. Rc2 Qh1+ 40. Ke2 Qxh2+ 41. Kd3 Qxg3+ 42. Kd4 Qd6+ 43. Ke3 Qc5+ 44. Kd3 h5 45. Rb2 h4 46. Rb7+ Kh6 47. Rb5 Qc6 48. Rb8 Kg5 49. Rb5+ Kg4 50. Rb1 h3 51. Rg1+ Qg2 52. Rc1 0-1

[Event "*** MasterClass Titled Tuesday Blitz"]
[Site "Chess.com"]
[Date "2017.08.01"]
[Round "5"]
[White "AllStarShark"]
[Black "Tash_Boy"]
[Result "0-1"]
[WhiteElo "2301"]
[BlackElo "2441"]
[TimeControl "180+2"]
[EndTime "14:04:12 PDT"]
[Termination "Tash_Boy won by checkmate"]

1. d4 Nf6 2. Bg5 Ne4 3. Bf4 d5 4. e3 e6 5. Bd3 Nf6 6. Nd2 c5 7. c3 Nc6 8. Ngf3 Bd6 9. Bg3 O-O 10. O-O Qc7 11. Qe2 e5 12. dxe5 Nxe5 13. Nxe5 Bxe5 14. e4 Bxg3 15. hxg3 Re8 16. Rfe1 Ng4 17. Qf3 Ne5 18. Qe2 Qd6 19. f4 Ng4 20. f5 Qxg3 21. Nf1 Qh4 22. g3 Qh3 23. Qf3 Ne5 24. Qe2 Nxd3 25. Qxd3 dxe4 26. Rxe4 Bxf5 27. Rxe8+ Rxe8 28. Qb5 Bd7 29. Qxb7 h5 30. Rd1 Bg4 31. Qc6 Re2 32. Rd8+ Kh7 33.
Qa8 Re1 34. Rh8+ Kg6 35. Qc6+ f6 36. Qg2 Rxf1+ 37. Kxf1 Be2+ 38. Kg1 Qe6 39. Rd8 Qe3+ 40. Qf2 Qc1+ 41. Kg2 Bg4 42. Rd2 Bf5 43. a3 Be4+ 44. Kh3 Qh1+ 45. Qh2 Qf1+ 46. Kh4 Kh6 47. g4 g5+ 48.
Kg3 h4+ 49. Qxh4+ gxh4+ 50. Kxh4 Qe1+ 51. Kh3 Qxd2 52. c4 Qg2+ 53. Kh4 Qh2# 0-1

[Event "*** MasterClass Titled Tuesday Blitz"]
[Site "Chess.com"]
[Date "2017.08.01"]
[Round "5"]
[White "Rumpel-VK"]
[Black "krzyzan94"]
[Result "1-0"]
[WhiteElo "2451"]
[BlackElo "2529"]
[TimeControl "180+2"]
[EndTime "14:04:21 PDT"]
[Termination "Rumpel-VK won by resignation"]

1. d4 Nf6 2. c4 d6 3. Nc3 e5 4. dxe5 dxe5 5. Qxd8+ Kxd8 6. Bg5 Nd7 7. e3 c6 8. Nf3 Kc7 9. Bxf6 gxf6 10. Bd3 Nc5 11.
Bc2 a5 12. O-O Be6 13. b3 Na6 14. Rad1 Bb4 15. Ne4 Be7 16. Ng3 a4 17. Nh4 Nb4 18. Bb1 axb3 19. axb3 Ra3 20. Nhf5 Bc5 21. Ne4 b6 22.
Nxf6 Rxb3 23. Ng7 Bc8 24. Bf5 Bxf5 25. Nxf5 Rd8 26. Rxd8 Kxd8 27. Ra1 b5 28. cxb5 cxb5 29. h4 Nd3 30. h5 b4 31. Nxh7 Ra3 32. Rd1 Kc7 33.
Nf6 b3 34. Nd5+ Kb7 35. Nc3 b2 36. Nb1 Ra1 37. h6 Nc1 38. h7 Rxb1 39. Kh2 Ra1 40.
h8=Q b1=Q 41. Rd7+ Kc6 42. Qc8+ Kb5 43. Rb7+ Bb6 44.
Nd6+ Ka5 45. Qa8+ Kb4 46. Rxb6+ Kc3 47. Qc6+ Kd2 48. Nc4+ 1-0

[Event "*** MasterClass Titled Tuesday Blitz"]
[Site "Chess.com"]
[Date "2017.08.01"]
[Round "5"]
[White "Marcus_Harvey"]
[Black "swayamsm"]
[Result "1-0"]
[WhiteElo "2592"]
[BlackElo "2452"]
[TimeControl "180+2"]
[EndTime "14:04:22 PDT"]
[Termination "Marcus_Harvey won by resignation"]

1. Nf3 Nf6 2. b3 g6 3. Bb2 Bg7 4. e3 c5 5. Be2 b6 6. O-O Bb7 7.
d4 O-O 8. c4 cxd4 9. Nxd4 Nc6 10. Bf3 Qc8 11. Nxc6 Bxc6 12. Nc3 Ne4 13. Rc1 Nxc3 14.
Bxc3 Bxc3 15. Rxc3 Rd8 16. Rd3 Qc7 17. Bxc6 dxc6 18. Qe2 Rxd3 19. Qxd3 Rd8 20. Qe4 Qd6 21. h4 f5 22. Qf3 e5 23. h5 e4 24. Qh3 Kg7 25.
h6+ Kf7 26. Qh4 Qf6 27. Qf4 Qd6 28. Qh4 Qf6 29. Qf4 Rd6 30. g4 g5 31. Qxf5 Qxf5 32. gxf5 Kf6 33. Kg2 Kxf5 34. Kg3 Kg6 35. c5 bxc5 36.
Rc1 Rd5 37. Rc4 Re5 38. Ra4 Kxh6 39. Rxa7 Kg6 40. Ra6 Re6 41. Ra5 Re5 42. b4 Kf5 43. Rxc5 Rxc5 44. bxc5 h5 45. a4 Ke6 46. a5 Kd7 47. f4 exf3 48. Kxf3 g4+ 49. Kf4 Kc7 50. e4 Kb7 51. e5 Kc7 52. e6 1-0

[Event "*** MasterClass Titled Tuesday Blitz"]
[Site "Chess.com"]
[Date "2017.08.01"]
[Round "5"]
[White "dzhumagaliev"]
[Black "joppie2"]
[Result "1/2-1/2"]
[WhiteElo "2525"]
[BlackElo "2611"]
[TimeControl "180+2"]
[EndTime "14:04:23 PDT"]
[Termination "Game drawn by agreement"]

1. Nf3 d5 2. d4 Nf6 3. c4 c6 4. e3 g6 5. Nc3 Bg7 6. Be2 O-O 7. O-O e6 8. b3 b6 9. a4 a5 10. Ba3 Re8 11. Qd2 Bb7 12. Rac1 Nbd7 13. h3 Ne4 14.
Nxe4 dxe4 15. Ne1 c5 16. Nc2 Ne5 17. Qd1 Nd3 18. Bxd3 exd3 19. Qxd3 Qg5 20. f3 cxd4 21. exd4 Rad8 22. Rcd1 Qg3 23. Qe3 h5 24. Bc1 Rd7 25. Qf4 Qxf4 26. Bxf4 Red8 27. Be3 Bf6 28. Rd2 Rc8 29.
Na3 Be7 30. Nb5 Bb4 31. Rd3 f6 32. Rfd1 Kf7 33. d5 exd5 34. cxd5 Bc5 35. Bxc5 Rxc5 36.
d6 Ba6 37. Rd5 Bxb5 38. Rxc5 bxc5 39. axb5 Ke6 40. Ra1 Ra7 41. b6 Rb7 42. Rxa5 Kxd6 43. b4 cxb4 44. Rb5 Kc6 45. Rxb4 Rxb6 46. Rd4 Kc5 47.
Rd8 h4 48. Kf2 Rd6 49. Rg8 g5 50. f4 Rd2+ 51. Kf3 Rd3+ 52. Kf2 Rd2+ 53. Kf3 Rd3+ 54. Kf2 1/2-1/2

[Event "*** MasterClass Titled Tuesday Blitz"]
[Site "Chess.com"]
[Date "2017.08.01"]
[Round "5"]
[White "Fisher-Human"]
[Black "TigranLPetrosyan"]
[Result "0-1"]
[WhiteElo "2455"]
[BlackElo "2753"]
[TimeControl "180+2"]
[EndTime "14:04:24 PDT"]
[Termination "TigranLPetrosyan won by checkmate"]

1. e4 g6 2. d4 Bg7 3. Nc3 a6 4. f4 b5 5. Nf3 Bb7 6. Bd3 d6 7. Qe2 Nd7 8. e5 e6 9. a4 b4 10. Ne4 Nb6 11. a5 Nd5 12. O-O Nge7 13. c4 bxc3 14.
bxc3 Nf5 15. Kh1 O-O 16. Bd2 h5 17. Rfb1 Bc6 18. Rg1 Nde7 19. g3 Qd7 20. h3 Nh6 21. g4 hxg4 22. hxg4 Rfb8 23. Rg2 Rb2 24. Rag1 Nd5 25.
Qe1 Qe7 26. Rh2 Rab8 27. Qg3 Ra2 28. Rf1 Rbb2 29. c4 Rxd2 30. Rxd2 Rxd2 31. Nfxd2 Nb4 32. Bb1 d5 33. cxd5 Nxd5 34. Kg1 Qb4 35. Qd3 Nxg4 36. Rc1 Nxf4 37. Qc4 Qa3 38. Rc3 Qe7 39. Qxc6 Qh4 40. Ng3 Qh2+ 41. Kf1 Qf2# 0-1

[Event "*** MasterClass Titled Tuesday Blitz"]
[Site "Chess.com"]
[Date "2017.08.01"]
[Round "5"]
[White "djogrodek1"]
[Black "MMSANCHEZ"]
[Result "0-1"]
[WhiteElo "2407"]
[BlackElo "2313"]
[TimeControl "180+2"]
[EndTime "14:04:26 PDT"]
[Termination "MMSANCHEZ won by checkmate"]

1. e4 e6 2. d4 d5 3. Nd2 a6 4. Ngf3 Nf6 5. e5 Nfd7 6. Bd3 c5 7. c3 Nc6 8. O-O g5 9. h3 h5 10. Re1 g4 11. hxg4 hxg4 12. Nh2 Qh4 13. Ndf1 cxd4 14.
cxd4 g3 15. fxg3 Qxd4+ 16. Be3 Qxe5 17. Bf4 Qd4+ 18. Be3 Qxb2 19. Rc1 Be7 20. Rc2 Qg7 21. Rf2 Nde5 22. Bf4 Nxd3 23. Qxd3 Bd7 24. Rb1 b5 25. Rc1 Nd4 26. Qe3 Nf5 27. Qb6 O-O 28. g4 Nh4 29.
Qb7 Rad8 30. Ng3 Ng6 31. Nh5 Qd4 32. Bh6 Ne5 33. Bg7 f6 34. Rf1 Rf7 35. Qc7 Rc8 36. Qa5 Bc5 37. Nf3 Qxg4 38. Nxf6+ Rxf6 39. Bxf6 Nxf3+ 40. Kh1 Qh5+ 41. Bh4 Qxh4# 0-1

[Event "*** MasterClass Titled Tuesday Blitz"]
[Site "Chess.com"]
[Date "2017.08.01"]
[Round "5"]
[White "rubhani"]
[Black "jb2mix"]
[Result "1/2-1/2"]
[WhiteElo "2390"]
[BlackElo "2458"]
[TimeControl "180+2"]
[EndTime "14:04:28 PDT"]
[Termination "Game drawn by agreement"]

1. e4 e5 2. Nf3 Nc6 3. Bb5 a6 4.
Ba4 Nf6 5. O-O b5 6. Bb3 Bb7 7. d3 Be7 8. a4 O-O 9. Nc3 b4 10.
Nd5 Na5 11. Nxf6+ Bxf6 12. Bd5 c6 13. Ba2 d5 14. Be3 Qd6 15. Qe2 h6 16. Rfd1 d4 17.
Bc1 Bc8 18. Rf1 Rb8 19. Nd2 Bg5 20. Nc4 Nxc4 21. Bxc4 Bxc1 22. Raxc1 a5 23. b3 Be6 24. Bxe6 fxe6 25. g3 Rf7 26. f3 Rbf8 27. Rf2 Qc5 28.
Rcf1 Qc3 29. Kh1 Rf6 30. f4 exf4 31. gxf4 Kh8 32. Qg4 Qc5 33. Rg1 Qe7 34. Rg3 Qf7 35.
Rgf3 Kh7 36. f5 exf5 37. Rxf5 Qg6 38. Qxg6+ Kxg6 39. Rxf6+ Rxf6 40. Rxf6+ Kxf6 41. Kg2 g5 42. Kg3 h5 43. Kf3 Ke5 44. h3 c5 45. Kg3 Kd6 46. Kf3 Ke6 47. Kg3 Ke5 48. Kf3 Ke6 49. Kg3 Kf6 50. Kf3 Ke5 51. Kg3 Ke6 1/2-1/2

[Event "*** MasterClass Titled Tuesday Blitz"]
[Site "Chess.com"]
[Date "2017.08.01"]
[Round "5"]
[White "ka1ser64"]
[Black "pedroholly22"]
[Result "1/2-1/2"]
[WhiteElo "2353"]
[BlackElo "2272"]
[TimeControl "180+2"]
[EndTime "14:04:35 PDT"]
[Termination "Game drawn by repetition"]

1. d4 c5 2. d5 d6 3. c4 g6 4. Nc3 Bg7 5. e4 Nf6 6. h3 a6 7. Nf3 e6 8. a4 exd5 9. cxd5 O-O 10. Be2 Re8 11. Nd2 Nbd7 12. O-O Rb8 13. a5 h5 14. f4 b5 15. axb6 Rxb6 16. Nc4 Rb4 17. Nxd6 Rd4 18. Qc2 Re7 19. Be3 Ne8 20. Nxc8 Qxc8 21.
e5 Rb4 22. Bxa6 Qb8 23. Ra2 Nxe5 24. Bxc5 Rxf4 25. Rxf4 Ng4 26. Rxg4 hxg4 27. Bxe7 Bd4+ 28. Kf1 Qf4+ 29. Ke1 gxh3 30. gxh3 Qg3+ 31. Kd1 Qg1+ 32. Kd2 Qe3+ 33. Kd1 Qg1+ 34. Ke2 Qe3+ 35. Kf1 Qg1+ 36. Ke2 Qe3+ 37. Kd1 Qg1+ 38. Kd2 Qe3+ 39. Kd1 Qg1+ 40. Bf1 Qxf1+ 41. Kd2 Qf4+ 42. Ke1 Qg3+ 43. Kd2 Qe3+ 44. Kd1 Qg1+ 45. Ke2 Qe3+ 46. Kf1 Qg1+ 47. Ke2 Qe3+ 48. Kd1 Qg1+ 49. Kd2 Qe3+ 50. Kd1 Qg1+ 51. Ke2 Qe3+ 52. Kd1 Qg1+ 53. Kd2 Qe3+ 54. Kd1 1/2-1/2

[Event "*** MasterClass Titled Tuesday Blitz"]
[Site "Chess.com"]
[Date "2017.08.01"]
[Round "5"]
[White "Ilja_Semjonovs"]
[Black "Muracle"]
[Result "1-0"]
[WhiteElo "2405"]
[BlackElo "2427"]
[TimeControl "180+2"]
[EndTime "14:04:39 PDT"]
[Termination "Ilja_Semjonovs won by resignation"]

1. e4 c5 2. Nf3 Nc6 3. Nc3 e6 4. Bb5 a6 5. Bxc6 bxc6 6. d4 cxd4 7. Nxd4 g6 8. O-O Bg7 9. Be3 Ne7 10. Qd2 O-O 11. Bh6 d5 12. Bxg7 Kxg7 13. exd5 cxd5 14. h4 h5 15. Rfe1 Qd6 16. Nf3 Nf5 17.
Rad1 Bb7 18. Nd4 Nxh4 19. g3 Nf5 20. Ne4 Qe7 21. Nxf5+ exf5 22. Qd4+ f6 23. Nc5 Qf7 24.
Ne6+ Kh7 25. Nxf8+ Rxf8 26. Re3 Qc7 27. Rde1 Rf7 28.
c3 Kg7 29. Re8 Bc6 30. R8e6 Bb7 31. Qb4 a5 32. Qd6 Qc4 33. Re7 Rxe7 34. Qxe7+ Kh6 35. Qxb7 h4 36. Qb8 g5 37. Qd6 Kh5 38. Qe6 Kg4 39. Qe2+ Qxe2 40. Rxe2 Kf3 41. Re3+ Kg4 42. gxh4 f4 43.
Rd3 Kxh4 44. Rxd5 g4 45. Rxa5 g3 46. fxg3+ Kxg3 47. Ra6 f5 48. Kf1 Kf3 1-0

[Event "*** MasterClass Titled Tuesday Blitz"]
[Site "Chess.com"]
[Date "2017.08.01"]
[Round "5"]
[White "ChessQueen"]
[Black "popov_m"]
[Result "1-0"]
[WhiteElo "2591"]
[BlackElo "2423"]
[TimeControl "180+2"]
[EndTime "14:04:40 PDT"]
[Termination "ChessQueen won by checkmate"]

1. e4 g6 2. d4 Bg7 3. Nc3 d6 4. Be3 a6 5. Nf3 Nf6 6. Qd2 Ng4 7. Bg5 h6 8. Bh4 b5 9. Bd3 Bb7 10. a4 b4 11. Nd5 Bxd5 12. exd5 a5 13. O-O O-O 14. c3 bxc3 15. bxc3 Nd7 16. Bb5 Ngf6 17. Rfe1 Nxd5 18. Bc6 N5f6 19. Bxa8 Qxa8 20. Rxe7 Rb8 21. Rae1 Qc6 22. Qa2 Rf8 23. c4 Nb6 24. c5 Nbd5 25.
Qc4 Nxe7 26. Rxe7 Nd5 27. Re1 Rb8 28. h3 Rb4 29. Qd3 Rxa4 30. cxd6 cxd6 31. Bg3 Ra2 32. Qb1 Nb4 33. Rc1 Qd5 34. Rc8+ Kh7 35. Rd8 Qc6 36.
Qe1 Qa4 37. Qe7 Qd1+ 38. Kh2 Ra1 39. Bxd6 Qb3 40. Qe8 f5 41. Be5 Nc6 42. Qh8+ Bxh8 43. Rxh8# 1-0

[Event "*** MasterClass Titled Tuesday Blitz"]
[Site "Chess.com"]
[Date "2017.08.01"]
[Round "5"]
[White "Tesla37"]
[Black "FMVolodymyrSakun"]
[Result "0-1"]
[WhiteElo "2663"]
[BlackElo "2535"]
[TimeControl "180+2"]
[EndTime "14:04:41 PDT"]
[Termination "FMVolodymyrSakun won by resignation"]

1. Nf3 Nf6 2. g3 g6 3. Bg2 Bg7 4. O-O O-O 5. c4 d6 6. Nc3 Nbd7 7. d4 e5 8. h3 exd4 9. Nxd4 Ne5 10. b3 a6 11. Bb2 Re8 12. Qd2 Rb8 13. a4 Bd7 14. a5 Qc8 15. Kh2 Nc6 16. Nc2 h5 17. Ne3 Ne7 18. Rad1 Bc6 19. Ncd5 Nexd5 20. cxd5 Bd7 21. Bd4 Qd8 22. Qb2 Qe7 23. Rc1 Rec8 24. Rfd1 Ne8 25. Bxg7 Nxg7 26. Nc4 h4 27. g4 f5 28. gxf5 Nxf5 29. e4 Ng7 30. e5 dxe5 31. Nxe5 Qf6 32.
Rd2 Bb5 33. Kg1 Nh5 34. Bf3 Nf4 35. Bg4 Re8 36. Nc4 Qg5 37. Kh2 Nxd5 38. Rg1 Qf4+ 39. Kh1 Bc6 40. f3 Kh7 41. Rdg2 Nf6 42. Nd2 Rbd8 43. Qc2 Nxg4 44. Rxg4 Bxf3+ 45. Nxf3 Qxf3+ 46. R1g2 Rd1+ 47. Kh2 Rh1+ 48. Kxh1 Qxh3+ 49. Rh2 Qxg4 50. Qxc7+ Kh6 51. Qc1+ g5 52. Rf2 Qh3+ 53. Kg1 Qg3+ 54. Kf1 Qd3+ 55. Kg1 Qe3 56. Qb2 Rf8 0-1

[Event "*** MasterClass Titled Tuesday Blitz"]
[Site "Chess.com"]
[Date "2017.08.01"]
[Round "5"]
[White "HouseOfDurin"]
[Black "matej2221"]
[Result "1/2-1/2"]
[WhiteElo "1865"]
[BlackElo "2253"]
[TimeControl "180+2"]
[EndTime "14:04:41 PDT"]
[Termination "Game drawn by agreement"]

1. d4 d5 2. c4 c6 3. Nc3 Nf6 4. Bg5 a6 5. Bxf6 gxf6 6. cxd5 cxd5 7. g3 Bg7 8. Bg2 e6 9. e3 O-O 10. Nge2 Nc6 11. O-O b5 12. a3 Bb7 13. Nf4 Kh8 14. Nh5 Rg8 15. Nxg7 Rxg7 16. Qh5 f5 17. Rac1 Ne7 18.
Ne2 Ng8 19. Rc2 Rc8 20. Rfc1 Rxc2 21. Rxc2 Nf6 22. Qh4 Rg4 23. Qh6 Rg6 24. Qf4 Ne8 25.
Qe5+ Qf6 26. Qb8 Qe7 27. Nf4 Rg8 28. Nd3 Nd6 29. Qc7 Re8 30. Ne5 Kg7 31. b3 Ne4 32. Qb6 Rc8 33. Rxc8 Bxc8 34. Nc6 Qb7 35. Qxb7 Bxb7 36. Bxe4 Bxc6 37. Bd3 Kf6 38. Kf1 Ke7 39.
f4 Kd6 40. b4 Ke7 41. Kf2 Kf6 42.
h3 h5 43. Be2 Kg6 44. Kf3 Kh6 45. Kf2 Kg6 46. Ke1 Kh6 47. Kf2 Kg6 48. Ke1 1/2-1/2

[Event "*** MasterClass Titled Tuesday Blitz"]
[Site "Chess.com"]
[Date "2017.08.01"]
[Round "5"]
[White "josiwales"]
[Black "Rbrrt"]
[Result "0-1"]
[WhiteElo "2281"]
[BlackElo "2322"]
[TimeControl "180+2"]
[EndTime "14:04:46 PDT"]
[Termination "Rbrrt won by resignation"]

1. e4 c5 2. Nc3 Nc6 3. g3 g6 4. Bg2 Bg7 5. d3 d6 6. Be3 Nf6 7. h3 Nd4 8. Qd2 h5 9. f4 Rb8 10. Nd1 O-O 11. c3 Ne6 12. f5 Nc7 13. Qf2 b6 14. g4 Bb7 15. Ne2 Ba6 16. Nf4 e5 17.
Ne2 Bxd3 18. Bg5 Qd7 19. Qe3 Bxe2 20. Qxe2 d5 21. Nf2 d4 22. Bxf6 Bxf6 23. gxh5 gxf5 24. exf5 Qxf5 25. Be4 Qf4 26. Ng4 Bh4+ 27. Kd1 f5 28. Rg1 Kh8 29. Bd3 e4 30. Rf1 exd3 31. Qxd3 Qe4 32. Qd2 f4 33. Nh2 Nd5 34. Kc1 Rbe8 35. Ng4 Bf6 36. Qf2 Ne3 37. Re1 Bg5 38. h4 Bf6 39.
Nxf6 Rxf6 40. Qd2 Rg8 41. b3 Rg2 42. Re2 Rg1+ 43. Kb2 Rxa1 44. Kxa1 f3 45. Rf2 Qc2 46. Qe1 Qd3 47. cxd4 cxd4 48. Kb2 Qc3+ 49. Ka3 Qxe1 0-1

[Event "*** MasterClass Titled Tuesday Blitz"]
[Site "Chess.com"]
[Date "2017.08.01"]
[Round "5"]
[White "matein28"]
[Black "abubakrtagelsir"]
[Result "1-0"]
[WhiteElo "2380"]
[BlackElo "2297"]
[TimeControl "180+2"]
[EndTime "14:04:47 PDT"]
[Termination "matein28 won on time"]

1. d4 d5 2. c4 c6 3. Nf3 Nf6 4. Nc3 dxc4 5. a4 Bf5 6. Ne5 Nbd7 7.
Nxc4 Nb6 8. Ne5 a5 9. f3 Nfd7 10. Nxd7 Nxd7 11. e4 Bg6 12. Qb3 e5 13. Be3 Bb4 14.
Rd1 Qe7 15. h4 h5 16. Bg5 f6 17. Be3 exd4 18. Bxd4 O-O-O 19. Be2 Nc5 20. Qc2 Nxe4 21. fxe4 Bxe4 22. Qc1 Bxg2 23. Rh2 Bd5 24. Qf4 Bd6 25. Qf5+ Be6 26. Qf2 Bxh2 27. Qxh2 Rhe8 28. Bb6 Rxd1+ 29. Kxd1 Bb3+ 30. Kd2 Qe5 31. Qh3+ Kb8 32. Bf2 Rd8+ 33. Ke1 f5 34. Qf3 Ka8 35. Kf1 f4 36. Be1 Re8 37.
Qxh5 Qxh5 38. Bxh5 Rh8 39. Bg6 Rd8 40. Ne4 Bxa4 41.
Nc5 Bb5+ 42. Kf2 Rd5 43. Ne4 b6 44. Nc3 Re5 45. Nxb5 Rxb5 46. Bc3 1-0

[Event "*** MasterClass Titled Tuesday Blitz"]
[Site "Chess.com"]
[Date "2017.08.01"]
[Round "5"]
[White "dretch"]
[Black "Spartakus1975"]
[Result "1-0"]
[WhiteElo "2526"]
[BlackElo "2539"]
[TimeControl "180+2"]
[EndTime "14:05:19 PDT"]
[Termination "dretch won by resignation"]

1. d4 d5 2. c4 c6 3. Nc3 Nf6 4.
e3 a6 5. Nf3 Bf5 6. Bd3 Bxd3 7.
Qxd3 e6 8. O-O Bb4 9. a3 Ba5 10.
b4 Bc7 11. e4 dxe4 12. Nxe4 Nxe4 13. Qxe4 Nd7 14. Bg5 Nf6 15. Qc2 O-O 16. Rfe1 a5 17. Rad1 axb4 18. axb4 Ra3 19. d5 cxd5 20. cxd5 exd5 21.
Bxf6 gxf6 22. Qf5 Qc8 23. Qxf6 Qg4 24. Rxd5 Bf4 25. h3 Rxf3 26. hxg4 Bh2+ 27. Kxh2 Rxf6 28. Kg3 Rc8 29. Rb5 b6 30. Re4 Rc2 31. f3 Rd6 32. Re8+ Kg7 33. Rg5+ Kf6 34. Rf5+ Kg7 35. Re7 Rf6 36.
Ree5 Rd6 37. Rg5+ Kf8 38. Rd5 Re6 39. Rge5 Rxe5 40. Rxe5 Rc4 41. Rb5 Rc6 42. Kf4 h6 43. Kf5 Kg7 44. g5 hxg5 45. Kxg5 Rg6+ 46. Kf5 Rxg2 47.
Rxb6 Rf2 48. Ke4 f6 49. Rb8 Rb2 50. b5 Kg6 51. b6 Rb4+ 52. Kd5 Kf5 53. Kc6 Rc4+ 54.
Kb5 Rc3 55. Rf8 Rxf3 56. b7 Rb3+ 57. Kc6 Ke5 58. b8=Q+ Rxb8 59. Rxb8 f5 60. Kc5 Ke4 61. Kc4 f4 62. Re8+ Kf3 63. Kd3 Kg2 64. Rf8 f3 65.
Ke3 1-0

[Event "*** MasterClass Titled Tuesday Blitz"]
[Site "Chess.com"]
[Date "2017.08.01"]
[Round "5"]
[White "AlexanderKing"]
[Black "nutibara"]
[Result "0-1"]
[WhiteElo "2428"]
[BlackElo "2252"]
[TimeControl "180+2"]
[EndTime "14:05:20 PDT"]
[Termination "nutibara won by checkmate"]

1. d4 d5 2. c4 c6 3. Nf3 Nf6 4. e3 e6 5. b3 Nbd7 6. Bb2 Bd6 7.
Bd3 Ne4 8. O-O f5 9. Nc3 Qf6 10.
Ne2 g5 11. Ng3 h5 12. Bxe4 fxe4 13. Ne5 h4 14. Ne2 h3 15. Ng3 hxg2 16. Kxg2 Nxe5 17. dxe5 Bxe5 18. Bxe5 Qxe5 19. f4 exf3+ 20. Qxf3 Bd7 21. Qf7+ Kd8 22. Rad1 Kc7 23. cxd5 exd5 24. e4 Raf8 25. Qxf8 Bh3+ 26. Kg1 Rxf8 27. Rxf8 dxe4 28. Re1 e3 29. Rf3 Qd5 30. Rexe3 g4 31. Rf2 Qd1+ 32.
Nf1 a5 33. Re7+ Kb6 34. Re3 Qd4 35. Rg3 Ka7 36. Ne3 Qa1+ 37. Nf1 Qd4 38. Ne3 b5 39.
Nf1 Kb6 40. Ne3 a4 41. bxa4 Qxa4 42. Nf1 Qd4 43. Ne3 b4 44. Nf1 Kb5 45. Ne3 c5 46. Nf1 Ka4 47. Ne3 c4 48. Nf1 Qd1 49. Re3 Qc1 50.
Re4 Ka3 51. Rff4 Qc2 52. Re3+ b3 53. axb3 Qg2# 0-1

[Event "*** MasterClass Titled Tuesday Blitz"]
[Site "Chess.com"]
[Date "2017.08.01"]
[Round "5"]
[White "Witik"]
[Black "GrigorGrigorov"]
[Result "1-0"]
[WhiteElo "2591"]
[BlackElo "2609"]
[TimeControl "180+2"]
[EndTime "14:05:22 PDT"]
[Termination "Witik won by resignation"]

1. d4 Nf6 2. Bf4 e6 3. e3 d5 4. Nd2 Bd6 5. Bd3 Bxf4 6. exf4 c5 7. dxc5 Qc7 8. Ngf3 Qxf4 9. O-O O-O 10. Qe2 Nbd7 11.
Nb3 Qc7 12. Qe3 e5 13. Bf5 Re8 14. Rfe1 e4 15. Nfd4 Ne5 16. Qg3 Qe7 17. Bxc8 Raxc8 18. Nf5 Qf8 19. Nd6 Nc4 20. Nxe8 Rxe8 21. Rab1 h5 22.
c3 Ne5 23. Rbd1 Nd3 24. Rxd3 exd3 25. Rxe8 Qxe8 26. Qxd3 Qe1+ 27. Qf1 Qe7 28. h3 Ne4 29. Qd1 Nxc5 30. Nxc5 Qxc5 31. Qxh5 Qc4 32. a3 Qd3 33. Kh2 Qd2 34. Qe5 Qxf2 35. Qxd5 Qxb2 36. Qd8+ Kh7 37.
Qh4+ Kg6 38. Qg4+ Kh7 39. Qb4 Qxb4 40. axb4 Kg6 41. Kg3 Kf5 42. Kf3 Ke5 43. Ke3 b6 44.
b5 Kd5 45. Kd3 Kc5 46. c4 f5 47. h4 g6 48. Kc3 Kd6 49. Kd4 Ke6 50. Ke3 Ke5 51.
Kf3 Kd4 52. Kf4 Kxc4 53. Kg5 Kxb5 54. Kxg6 a5 55. h5 a4 56. h6 a3 57. h7 a2 58.
h8=Q Kc4 59. Qb2 1-0

[Event "*** MasterClass Titled Tuesday Blitz"]
[Site "Chess.com"]
[Date "2017.08.01"]
[Round "5"]
[White "Fins0905"]
[Black "grzechu96"]
[Result "1/2-1/2"]
[WhiteElo "2401"]
[BlackElo "2401"]
[TimeControl "180+2"]
[EndTime "14:05:23 PDT"]
[Termination "Game drawn by agreement"]

1. d4 Nf6 2. c4 g6 3. Nc3 d5 4. Bg5 Bg7 5. e3 c6 6. Nf3 O-O 7. Bd3 dxc4 8. Bxc4 b5 9. Be2 a6 10. O-O Nbd7 11. a4 b4 12. Na2 a5 13. Nc1 c5 14.
Nb3 Qb6 15. Rc1 cxd4 16. Qxd4 Qxd4 17. Nfxd4 Nb6 18. Bb5 Ba6 19. Bxa6 Rxa6 20. Rc6 Rc8 21. Rfc1 Rxc6 22. Rxc6 Nfd7 23. Bxe7 Ra8 24. Rc7 Ne5 25. Nc5 Nd5 26. Rb7 Nxe7 27. Rxe7 Rc8 28. Ncb3 Nc4 29. g3 Nxb2 30. Nxa5 Nxa4 31. Rb7 Bf8 32. Nac6 h5 33. h4 Nb2 34. Nxb4 Rc1+ 35. Kg2 Bxb4 36. Rxb4 Nd3 37.
Rb3 Ne1+ 38. Kh2 Rd1 39. Ra3 Rd2 40. Kg1 Nd3 41. f4 Nc5 42. Nf3 Rd1+ 43. Kg2 Ne4 44.
Ra2 Rb1 45. Rc2 f5 46. Ne5 Kg7 47. Rc7+ Kg8 48. Nxg6 Rb2+ 49. Kg1 Rb1+ 50. Kg2 Rb2+ 51. Kf1 Nxg3+ 52. Kg1 Re2 53. Rd7 Rxe3 54. Kf2 Ra3 55. Ne5 Ne4+ 56. Kg2 Rg3+ 57. Kh2 1/2-1/2

[Event "*** MasterClass Titled Tuesday Blitz"]
[Site "Chess.com"]
[Date "2017.08.01"]
[Round "5"]
[White "AdrianaNikolova"]
[Black "ruvat"]
[Result "1-0"]
[WhiteElo "2291"]
[BlackElo "2282"]
[TimeControl "180+2"]
[EndTime "14:05:24 PDT"]
[Termination "AdrianaNikolova won on time"]

1. e4 d6 2. d4 Nf6 3. Nc3 g6 4. h3 Bg7 5. Be3 c6 6. a4 O-O 7. Nge2 b6 8. g4 Bb7 9. Bg2 Nbd7 10. O-O e5 11. Ng3 a6 12. f4 Qc7 13. g5 Ne8 14. f5 f6 15. fxg6 hxg6 16. dxe5 fxe5 17. Rxf8+ Nxf8 18. Qd2 b5 19. axb5 axb5 20. Rf1 b4 21. Nce2 c5 22. h4 Qe7 23. h5 gxh5 24. Nxh5 Ng6 25. Neg3 Nf4 26. Nxg7 Nxg7 27. Bxf4 exf4 28.
Qxf4 Rf8 29. Qg4 Rxf1+ 30. Bxf1 Qe5 31. Bc4+ d5 32. exd5 Bxd5 33. Qc8+ Kf7 34. Qd7+ Kf8 35. Qd8+ Ne8 36. Qxd5 Qxg3+ 37. Qg2 Qe1+ 38. Qf1+ Qxf1+ 39. Kxf1 Nd6 40. Bd3 c4 41. Be2 Kg7 42. Kf2 Kg6 43. Ke3 Kxg5 44. Kd4 Kf6 45. Bxc4 Ke7 46. Kc5 b3 47.
Bxb3 Ne4+ 48. Kd4 Nd6 49. c4 Kd7 50. Kd5 Kc7 51. c5 Nb5 52. Ba4 Na7 53. b4 Nc8 54. b5 Ne7+ 55. Ke6 Nc8 56. Bc2 Kb7 57. Be4+ Kc7 58. Bf3 Kb8 59. b6 1-0

[Event "*** MasterClass Titled Tuesday Blitz"]
[Site "Chess.com"]
[Date "2017.08.01"]
[Round "5"]
[White "vellottiwizard"]
[Black "ehrenfeld"]
[Result "1-0"]
[WhiteElo "2529"]
[BlackElo "2400"]
[TimeControl "180+2"]
[EndTime "14:05:27 PDT"]
[Termination "vellottiwizard won by resignation"]

1. e4 d6 2. d4 g6 3. Nc3 Bg7 4. Nf3 Nf6 5. Be2 O-O 6. O-O e6 7. Re1 Nc6 8. h3 b6 9. Be3 Bb7 10. Qd2 Ne7 11. Bd3 c5 12. Bh6 cxd4 13.
Nxd4 a6 14. Bxg7 Kxg7 15. Rad1 Qc7 16. Bf1 Rfd8 17. f3 Rac8 18. Qf2 b5 19. a3 e5 20. Nb3 d5 21. exd5 Nexd5 22. Nxd5 Nxd5 23. Rd2 Nf4 24.
Red1 Rxd2 25. Rxd2 h5 26. h4 Ne6 27. Qe3 Re8 28.
c3 Re7 29. Nc1 Nf4 30. Nd3 Nd5 31. Qf2 e4 32. fxe4 Rxe4 33. Re2 Nf6 34. Rxe4 Nxe4 35.
Qd4+ Kh7 36. Ne5 Qe7 37. Nf3 Qc5 38. Bd3 Qxd4+ 39. Nxd4 Kg7 40. Bxe4 Bxe4 41. g3 Kf6 42. Kf2 Ke5 43. Ke3 Bd5 44. Nc2 f6 45. Nb4 Bb7 46. Nd3+ Kf5 47. Nc5 Bc8 48. Ne4 Kg4 49.
Kf2 f5 50. Nf6+ Kh3 51. Nd5 Bb7 52. Nf4+ Kg4 53. Nxg6 Be4 54. Nf4 a5 55. b4 a4 56.
Ng6 Kh3 57. Nf4+ Kg4 58. Ne2 Bd3 59. Nd4 Bc4 60. Nf3 Bd5 61. Ne5+ Kh3 62. Ng6 Kg4 63. Nf4 Bc4 64. Ng2 Bd5 65. Ne3+ 1-0